Cogmind - Beta 15 @@@ ROGUE MODE // 2025.08.25 @ 16:51:24 Player: NQH Result: Core destroyed Performance ------------- Evolutions (5) 2500 Regions Visited (11) 2200 Robots Destroyed (86) 430 Value Destroyed (2323) 2323 Prototype IDs (3) 60 Alien Tech Used (0) 0 Bonus (558) 558 TOTAL SCORE: 8071 Bonus ------- Follower Combat Kills 58 Entered DSFs 500 Cogmind --------- Core Integrity 0/1000 Matter 45/300 Energy 292/325 System Corruption 5% Temperature Critical (920) Movement Treading (160) Location -5/DSF Parts ------- > --- POWER (1) -------- Antimatter Reactor > --- PROPULSION (6) --- Improved Medium Treads Improved Medium Treads Improved Medium Treads Improved Medium Treads Improved Medium Treads Improved Medium Treads > --- UTILITY (8) ------ 0b10 Decoder Chip [Looter] Improved Melee Analysis Suite > --- WEAPON (2) ------- Katana > --- INVENTORY (5) ---- VTOL Module Seismic Detector Makeshift Transmission Jammer Arc Projector Peak State ------------ > --- POWER ------------ Light Nuclear Core > --- PROPULSION ------- Heavy Siege Treads Heavy Siege Treads Heavy Siege Treads > --- UTILITY ---------- Machine Analyzer 0b10 Decoder Chip [Looter] Improved Melee Analysis Suite > --- WEAPON ----------- Mini Grenade Launcher > --- INVENTORY -------- VTOL Module Seismic Detector Makeshift Transmission Jammer Arc Projector Katana [Rating: 60] Favorites ----------- Power Ion Engine Engine Ion Engine Power Core Micro Nuclear Core Reactor Antimatter Reactor Propulsion Light Treads Treads Light Treads Leg Aluminum Leg Hover Unit Hover Unit Flight Unit Flight Unit Utility Melee Analysis Suite Device Makeshift Transmission Jammer Storage Medium Storage Unit Processor Melee Analysis Suite Protection Light Armor Plating Weapon Assault Rifle Energy Gun Medium Laser Ballistic Gun Assault Rifle Launcher Mini Grenade Launcher Slashing Weapon Katana Build | -11 -10 -10 -9 -9 -8 -7 -6 -6 -6 -5 -5 ------- Run | Yrd Mat Min Mat Sto Mat Fac Fac Low Low Fac DSF Slots Evolved 10 | . . . 2 . 2 2 2 . . 2 . Power . | . . . . . . . . . . . . Propulsion 4 | . . . 2 . . . . . . 2 . Utility 6 | . . . . . 2 2 2 . . . . Weapon . | . . . . . . . . . . . . Parts Attached 95 | 8 6 . 5 20 26 6 9 3 . . 12 Power 12 | 1 . . 1 4 3 1 . . . . 2 Engine 8 | 1 . . 1 4 2 . . . . . . Core 3 | . . . . . 1 1 . . . . 1 Reactor 1 | . . . . . . . . . . . 1 Propulsion 43 | 4 2 . 4 10 8 1 4 . . . 10 Treads 22 | 2 . . . 10 . . . . . . 10 Leg 2 | 2 . . . . . . . . . . . Wheel . | . . . . . . . . . . . . Hover 9 | . 2 . 4 . 2 1 . . . . . Flight 10 | . . . . . 6 . 4 . . . . Utility 23 | 1 3 . . 1 10 3 2 3 . . . Device 2 | . . . . . . . 1 1 . . . Storage 2 | 1 1 . . . . . . . . . . Processor 16 | . 2 . . 1 8 3 1 1 . . . Hackware . | . . . . . . . . . . . . Protection 3 | . . . . . 2 . . 1 . . . Artifact . | . . . . . . . . . . . . Weapon 17 | 2 1 . . 5 5 1 3 . . . . Energy Gun 5 | 1 . . . 1 2 1 . . . . . Energy Cannon . | . . . . . . . . . . . . Ballistic Gun 8 | 1 1 . . 4 2 . . . . . . Ballistic Cannon . | . . . . . . . . . . . . Launcher 2 | . . . . . . . 2 . . . . Special Weapon . | . . . . . . . . . . . . Impact Weapon . | . . . . . . . . . . . . Slashing Weapon 2 | . . . . . 1 . 1 . . . . Piercing Weapon . | . . . . . . . . . . . . Special Melee Weapon . | . . . . . . . . . . . . Unidentified Prototypes 3 | . . . . . 2 1 . . . . . Parts Lost 41 | . . . 3 7 9 . 13 . . . 9 Power 4 | . . . . 1 1 . 1 . . . 1 Propulsion 20 | . . . 2 4 5 . 5 . . . 4 Utility 11 | . . . . 1 3 . 5 . . . 2 Weapon 6 | . . . 1 1 . . 2 . . . 2 Highest Loss Streak 13 | . . . 3 4 3 . 13 . . . 6 To Critical Strikes 1 | . . . . . . . . . . . 1 Average Backups 7 | . 5 9 8 9 8 4 4 3 3 3 4 Power . | . . . . . . . . . . . . Propulsion . | . 4 4 1 . . . . 1 . . . Utility 1 | . . 1 2 2 1 . . . 1 1 2 Weapon 4 | . 1 3 5 6 7 3 3 2 2 2 1 Tool/Special . | . . . . . . . . . . . . Unused Backups 5 | . . 1 . . 3 . . . . . 1 Power . | . . . . . . . . . . . . Propulsion 1 | . . 1 . . . . . . . . . Utility . | . . . . . . . . . . . . Weapon 4 | . . . . . 3 . . . . . 1 Tool/Special . | . . . . . . . . . . . . Average Slot Usage (%) 83 | . 96 100 96 88 88 95 69 57 73 64 42 Engine 7 | . 14 14 10 9 7 2 . . . . . Core 1 | . . . . . 1 4 4 . . . . Treads 14 | . 2 . . 35 21 . . . . . 11 Hover 7 | . 24 28 41 2 2 . . . . . . Flight 6 | . . . . . 4 29 16 19 26 23 4 Storage 7 | . 14 14 11 11 7 . . . . . . Processor 16 | . 11 14 11 8 14 45 33 18 20 17 14 Protection 3 | . . . . . 10 . . . 6 5 1 Energy Gun 2 | . 8 . . 1 2 3 3 . . . . Ballistic Gun 12 | . 18 28 21 20 13 . . . . . . Launcher 1 | . . . . . . . 1 13 13 11 4 Slashing Weapon 1 | . . . . . 1 7 4 . . . 1 Peak Build Rating 60 | 6 8 8 11 13 26 35 39 36 36 36 60 Average Rating 18 | 3 6 7 10 10 17 31 28 28 36 36 43 On Entrance 19 | . 6 7 8 10 12 26 35 22 36 36 36 Naked Turns . | . . . . . . . . . . . . Heaviest Build 30 | 14 19 19 21 23 30 12 13 14 14 14 18 Greatest Support 210 | 40 40 12 24 80 80 16 18 18 18 18 210 Greatest Overweight (x) 9 | 4 4 1 . 1 9 . 2 1 . . 5 Average Overweight (x) . | . . 1 . . . . . . . . . Largest Inventory Capacity 10 | 8 10 10 10 10 10 5 5 5 5 5 5 Average Capacity 8 | 6 9 10 10 10 8 5 5 5 5 5 5 Most Carried 10 | 2 10 10 10 10 10 5 5 5 3 3 5 Average Carried 7 | . 6 9 8 9 8 4 4 3 3 3 4 Final Capacity 10 | 8 10 10 10 10 5 5 5 5 5 5 5 Final Carried 10 | . 9 10 8 10 5 5 3 3 3 3 4 Class Distribution -------------------- 42% | Mutant 37% | Scavenger-Mutant 19% | Scavenger-Sprinter Dominant Class ---------------- Mutant | -10/Materials Mutant | -10/Mines Mutant | -9/Materials Scavenger-Mutant | -9/Storage Scavenger-Mutant | -8/Materials Scavenger-Sprinter | -7/Factory Scavenger-Sprinter | -6/Factory Mutant | -6/Lower Caves Scavenger-Sprinter | -6/Lower Caves Scavenger-Sprinter | -5/Factory Mutant | -5/DSF Resources | -11 -10 -10 -9 -9 -8 -7 -6 -6 -6 -5 -5 ----------- Run | Yrd Mat Min Mat Sto Mat Fac Fac Low Low Fac DSF Matter Collected 2065 | 218 95 . 189 612 553 138 76 117 . . 67 Remotely . | . . . . . . . . . . . . Salvage Created 3263 | . 165 . 164 1076 849 273 529 . . . 207 Parts 188 | . 9 . 11 61 57 5 22 . . . 23 Haulers Intercepted 1 | . . . . . 1 . . . . . . Recyclers Shooed 7 | . 1 . 1 . 4 1 . . . . . Parts Field Recycled . | . . . . . . . . . . . . Retrieved Matter . | . . . . . . . . . . . . Parts Self-Destructed 2 | . . . . . . . . . 2 . . Prevented . | . . . . . . . . . . . . Kills | -11 -10 -10 -9 -9 -8 -7 -6 -6 -6 -5 -5 ------- Run | Yrd Mat Min Mat Sto Mat Fac Fac Low Low Fac DSF Combat Hostiles Destroyed 60 | . 2 . 3 21 17 1 6 . . . 10 Melee 10 | . . . . . 5 1 3 . . . 1 Guns 38 | . 2 . 3 21 12 . . . . . . AOE 12 | . . . . . . . 3 . . . 9 Classes Destroyed 15 | . 3 . 2 2 4 . . . . . 4 Worker 10 | . 1 . 1 2 3 . 3 . . . . Builder 1 | . . . . . 1 . . . . . . Hauler 1 | . . . . . 1 . . . . . . Recycler 7 | . 1 . . . 2 2 2 . . . . Mechanic 2 | . . . . . 1 . 1 . . . . Watcher 5 | . . . . 1 1 2 1 . . . . Swarmer 19 | . . . . . 9 . 6 . . . 4 Cutter 3 | . . . . . . . . . . . 3 Grunt 19 | . 2 . . 14 3 . . . . . . Brawler 1 | . . . . 1 . . . . . . . Duelist 2 | . . . 1 . 1 . . . . . . Sentry 13 | . . . 2 6 4 1 . . . . . Specialist 1 | . . . . . . . . . . . 1 Hunter 1 | . . . . . . . . . . . 1 Heavy 1 | . . . . . . . . . . . 1 Best Kill Streak 5 | . 2 . 3 5 5 3 4 . . . 4 Combat Bots Only 5 | . 2 . 3 3 5 1 3 . . . 4 Max Kills in Single Turn 3 | . 1 . 1 1 1 1 1 . . . 3 Gunslinging . | . . . . . . . . . . . . Exploded 3 | . . . . . . . 1 . . . 3 Melee 1 | . . . . . 1 1 1 . . . 1 Uniques/NPCs Destroyed . | . . . . . . . . . . . . Combat | -11 -10 -10 -9 -9 -8 -7 -6 -6 -6 -5 -5 -------- Run | Yrd Mat Min Mat Sto Mat Fac Fac Low Low Fac DSF Hostile Shots Fired 548 | . 7 . 36 114 132 9 129 . . . 121 Missed 147 | . 2 . 13 25 37 4 41 . . . 25 Hits 401 | . 5 . 23 89 95 5 88 . . . 96 Melee 18 | . . . . 9 5 . 1 . . . 3 Projectile 383 | . 5 . 23 80 90 5 87 . . . 93 Critical Strikes 11 | . . . . 5 3 . 1 . . . 2 Damage Taken 7373 | . 56 . 351 1315 1244 41 1301 . . . 3065 Core 2240 | . 11 . 60 167 198 12 792 . . . 1000 Absorbed by Shields . | . . . . . . . . . . . . Regen/Repaired (Parts) 16 | . . . . . . 16 . . . . . Core Remaining (%) 67 | 100 . 95 . 43 64 98 . . 6 . . Volleys Fired 195 | . 17 . 19 77 60 . 3 . . . 19 Largest 2 | . 2 . 2 2 2 . 1 . . . 1 Hottest 79 | . 70 . 40 79 61 . 33 . . . 30 Shots Fired 349 | . 34 . 38 142 113 . 3 . . . 19 Gun 327 | . 34 . 38 142 113 . . . . . . Cannon . | . . . . . . . . . . . . Launcher 22 | . . . . . . . 3 . . . 19 Special . | . . . . . . . . . . . . Kinetic 306 | . 26 . 38 137 105 . . . . . . Thermal 21 | . 8 . . 5 8 . . . . . . Explosive 22 | . . . . . . . 3 . . . 19 Electromagnetic . | . . . . . . . . . . . . Robot Hit Streak 17 | . 5 . 6 17 13 . . . . . 10 Robot Miss Streak 7 | . 7 . 2 2 6 . 3 . . . 1 Penetration Max . | . . . . . . . . . . . . Secondary Targets 4 | . . . . 1 3 . . . . . . Max Gunslinging Chain 1 | . . . . 1 1 . . . . . . Shots Hit Robots 288 | . 12 . 28 107 79 11 30 . . . 21 Core Hits 144 | . 5 . 10 42 35 4 13 . . . 35 Critical Kills 2 | . 1 . . 1 . . . . . . . Critical Parts Destroyed 1 | . . . . 1 . . . . . . . Critical Strikes 6 | . 1 . . 2 . . 3 . . . . Destroy 3 | . 1 . . 2 . . . . . . . Sever 3 | . . . . . . . 3 . . . . Melee Attacks 73 | . . . . . 18 13 31 . . . 11 Impact . | . . . . . . . . . . . . Slashing 73 | . . . . . 18 13 31 . . . 11 Piercing . | . . . . . . . . . . . . Sneak Attacks 11 | . . . . . 2 2 7 . . . . Combat Hostiles . | . . . . . . . . . . . . Follow-up Attacks . | . . . . . . . . . . . . Damage Inflicted 7520 | . 185 . 364 1440 1554 550 1630 . . . 1797 Guns 2986 | . 183 . 348 1440 1015 . . . . . . Cannons . | . . . . . . . . . . . . Explosions 1728 | . . . . . . . 169 . . . 1559 Melee 2785 | . . . . . 539 550 1458 . . . 238 Ramming 21 | . 2 . 16 . . . 3 . . . . Kinetic 2814 | . 159 . 348 1397 910 . . . . . . Thermal 172 | . 24 . . 43 105 . . . . . . Explosive 1728 | . . . . . . . 169 . . . 1559 Electromagnetic . | . . . . . . . . . . . . Impact . | . . . . . . . . . . . . Slashing 2785 | . . . . . 539 550 1458 . . . 238 Piercing . | . . . . . . . . . . . . Highest Corruption 5 | . . . . 5 2 . . . . . 5 Average Corruption 3 | . . . . 5 2 . . . . . 5 Corruption Purged . | . . . . . . . . . . . . Corruption Blocked . | . . . . . . . . . . . . Effects 19 | . . . . 10 5 . . . . . 4 Message Errors 3 | . . . . 2 1 . . . . . . Matter Fused 3 | . . . . 1 1 . . . . . 1 Heat Flow Errors 4 | . . . . 1 1 . . . . . 2 Energy Discharges 2 | . . . . 1 . . . . . . 1 Data Loss (minor) 4 | . . . . 4 . . . . . . . Misfires 1 | . . . . . 1 . . . . . . Alerts 1 | . . . . . 1 . . . . . . Weapon Failures 1 | . . . . 1 . . . . . . . Overload Shots . | . . . . . . . . . . . . Overflow Damage 396 | . . . . . 80 85 172 . . . 59 Projectiles . | . . . . . . . . . . . . Explosions 59 | . . . . . . . . . . . 59 Melee 337 | . . . . . 80 85 172 . . . . Knockbacks . | . . . . . . . . . . . . Impact . | . . . . . . . . . . . . Kinetic . | . . . . . . . . . . . . Secondary . | . . . . . . . . . . . . Self-Inflicted Damage 494 | . 1 . 8 . . . 41 . . . 444 Shots 12 | . . . . . . . 2 . . . 10 Rammed 4 | . 1 . 1 . . . 2 . . . . Targets Rammed 4 | . 1 . 1 . . . 2 . . . . Kicked . | . . . . . . . . . . . . Crushed . | . . . . . . . . . . . . Highest Temperature 920 | . 45 . 4 234 170 1 . . . . 920 Average Temperature 128 | . 16 . 3 38 49 1 . . . . 403 Received Heat Transfer 1506 | . 30 . 114 453 432 12 75 . . . 390 Effects 10 | . . . . . . . . . . . 10 Shutdowns 2 | . . . . . . . . . . . 2 Interference 2 | . . . . . . . . . . . 2 Short Circuit 1 | . . . . . . . . . . . 1 Damage (minor) 1 | . . . . . . . . . . . 1 Damage (core) 4 | . . . . . . . . . . . 4 Siege Activations . | . . . . . . . . . . . . Martial Activations . | . . . . . . . . . . . . Shielding Activations . | . . . . . . . . . . . . Robots Disrupted . | . . . . . . . . . . . . Combat Hostiles . | . . . . . . . . . . . . Robots Corrupted . | . . . . . . . . . . . . Combat Hostiles . | . . . . . . . . . . . . Parts Fried . | . . . . . . . . . . . . Impact Corruptions . | . . . . . . . . . . . . Robots Melted . | . . . . . . . . . . . . Combat Hostiles . | . . . . . . . . . . . . Parts Melted . | . . . . . . . . . . . . Heat Transferred 407 | . 74 . . 111 222 . . . . . . Parts Sabotaged . | . . . . . . . . . . . . Parts Stolen . | . . . . . . . . . . . . Parts Stripped . | . . . . . . . . . . . . Power Chain Reactions . | . . . . . . . . . . . . Alert | -11 -10 -10 -9 -9 -8 -7 -6 -6 -6 -5 -5 ------- Run | Yrd Mat Min Mat Sto Mat Fac Fac Low Low Fac DSF Maximum Alert Level 1 | . . . . 1 . . 1 . . . 1 Low Security (%) 94 | 100 100 100 100 96 100 100 90 . . 100 45 Level 1 5 | . . . . 3 . . 9 . . . 54 Level 2 . | . . . . . . . . . . . . Level 3 . | . . . . . . . . . . . . Level 4 . | . . . . . . . . . . . . Level 5 . | . . . . . . . . . . . . High Security . | . . . . . . . . . . . . Max Security . | . . . . . . . . . . . . Sterilizations 1 | . . . . . . . . . . . 1 Peak Influence 298 | . 30 9 83 207 155 66 260 . . 8 298 Initial 76 | . . 9 . 13 76 59 17 . . 8 9 Average 63 | . 3 1 25 100 51 49 56 . . 8 184 Influence Increases 2254 | . 69 . 150 606 501 97 487 . . 5 339 Destroy 0b10 Robot/C 1240 | . 40 . 100 420 340 20 120 . . . 200 Destroy 0b10 Robot/NC 140 | . 10 . 5 15 45 20 35 . . . 10 Destroy Leader 322 | . . . 40 122 94 14 22 . . . 30 Allied During Kill 5 | . . . 5 . . . . . . . . Successful Hack 57 | . 4 . . . 5 43 . . . 5 . Destroy Structure 115 | . . . . 4 2 . 25 . . . 84 Partial Spotted 30 | . 15 . . . . . 15 . . . . Lose Combat Pursuer 345 | . . . . 45 15 . 270 . . . 15 Influence Decreases 1996 | . 44 25 117 458 551 192 273 183 53 6 94 Entered New Map 348 | . . 16 . 20 105 72 19 93 13 6 4 Time Decay 1234 | . 44 9 67 368 376 120 120 90 40 . . Lost Part 380 | . . . 30 70 70 . 120 . . . 90 Lost Ally 20 | . . . 20 . . . . . . . . Purge Threat 14 | . . . . . . . 14 . . . . Squads Dispatched 12 | . . . . 4 1 1 4 . . . 2 Investigation 5 | . . . . 2 1 1 1 . . . . Extermination . | . . . . . . . . . . . . Reinforcement 7 | . . . . 2 . . 3 . . . 2 Assault . | . . . . . . . . . . . . Garrison . | . . . . . . . . . . . . Intercept . | . . . . . . . . . . . . Searches Triggered . | . . . . . . . . . . . . Construction Impeded . | . . . . . . . . . . . . Haulers Reinforced 2 | . . . . . . . 2 . . . . Active Scanning Responses . | . . . . . . . . . . . . Cargo Convoy Interrupts . | . . . . . . . . . . . . Stealth | -11 -10 -10 -9 -9 -8 -7 -6 -6 -6 -5 -5 --------- Run | Yrd Mat Min Mat Sto Mat Fac Fac Low Low Fac DSF Distress Signals 4 | . 1 . . 1 2 . . . . . . Communications Jammed . | . . . . . . . . . . . . Distress Signals . | . . . . . . . . . . . . Times Spotted 113 | . 6 . 10 25 28 3 30 . . . 11 Peak Tracking Total 12 | . 4 . 8 3 6 1 12 . . . 4 Tactical Retreats 10 | . . . . 3 1 . 5 . . . 1 Traps | -11 -10 -10 -9 -9 -8 -7 -6 -6 -6 -5 -5 ------- Run | Yrd Mat Min Mat Sto Mat Fac Fac Low Low Fac DSF Traps Triggered 1 | . . . . . . 1 . . . . . Indirectly . | . . . . . . . . . . . . Trap Hack Attempts . | . . . . . . . . . . . . Triggered . | . . . . . . . . . . . . Disarmed . | . . . . . . . . . . . . Reprogrammed . | . . . . . . . . . . . . Reused . | . . . . . . . . . . . . Traps Extracted . | . . . . . . . . . . . . Installed . | . . . . . . . . . . . . Triggered . | . . . . . . . . . . . . Machines | -11 -10 -10 -9 -9 -8 -7 -6 -6 -6 -5 -5 ---------- Run | Yrd Mat Min Mat Sto Mat Fac Fac Low Low Fac DSF Machines Disabled . | . . . . . . . . . . . . Max in Single Turn . | . . . . . . . . . . . . Machines Repaired . | . . . . . . . . . . . . Machines Dismantled . | . . . . . . . . . . . . Machines Sabotaged . | . . . . . . . . . . . . Overloaded Fab Kills . | . . . . . . . . . . . . Hacking | -11 -10 -10 -9 -9 -8 -7 -6 -6 -6 -5 -5 --------- Run | Yrd Mat Min Mat Sto Mat Fac Fac Low Low Fac DSF Machines Accessed 14 | . 3 . . 3 2 3 2 . . 1 . Terminals 12 | . 3 . . 3 2 1 2 . . 1 . Fabricators . | . . . . . . . . . . . . Repair Stations 1 | . . . . . . 1 . . . . . Recycling Units . | . . . . . . . . . . . . Scanalyzers . | . . . . . . . . . . . . Garrison Access 1 | . . . . . . 1 . . . . . Total Hacks 33 | . 7 . . 8 6 6 5 . . 1 . Successful 18 | . 7 . . 2 3 4 1 . . 1 . Failed 15 | . . . . 6 3 2 4 . . . . Catastrophic 4 | . . . . 1 . . 3 . . . . Database Lockouts . | . . . . . . . . . . . . Manual 6 | . 1 . . . . . 5 . . . . Terminals 28 | . 7 . . 8 6 1 5 . . 1 . Fabricators . | . . . . . . . . . . . . Repair Stations 3 | . . . . . . 3 . . . . . Recycling Units . | . . . . . . . . . . . . Scanalyzers . | . . . . . . . . . . . . Garrison Access 2 | . . . . . . 2 . . . . . Terminal Hacks 15 | . 7 . . 2 3 1 1 . . 1 . Record 9 | . 7 . . 1 1 . . . . . . Open DSF 2 | . . . . . . 1 . . . 1 . Alert Level 1 | . . . . 1 . . . . . . . Unreport Threat 1 | . . . . . . . 1 . . . . Dispatch Records 1 | . . . . . 1 . . . . . . Reinforcement Status 1 | . . . . . 1 . . . . . . Fabricator Hacks . | . . . . . . . . . . . . Repair Station Hacks 2 | . . . . . . 2 . . . . . Scan Component 1 | . . . . . . 1 . . . . . Repair 1 | . . . . . . 1 . . . . . Recycling Unit Hacks . | . . . . . . . . . . . . Scanalyzer . | . . . . . . . . . . . . Garrison Access Hacks 1 | . . . . . . 1 . . . . . Unlock Access 1 | . . . . . . 1 . . . . . Unauthorized Hacks . | . . . . . . . . . . . . Terminals . | . . . . . . . . . . . . Fabricators . | . . . . . . . . . . . . Repair Stations . | . . . . . . . . . . . . Recycling Units . | . . . . . . . . . . . . Scanalyzers . | . . . . . . . . . . . . Garrison Access . | . . . . . . . . . . . . Data Cores Recovered . | . . . . . . . . . . . . Used . | . . . . . . . . . . . . Hacking Detections 9 | . 2 . . 2 2 1 2 . . . . Full Trace Events 6 | . 1 . . 2 1 1 1 . . . . Feedback Events . | . . . . . . . . . . . . Feedback Blocked . | . . . . . . . . . . . . Robot Schematics Acquired . | . . . . . . . . . . . . Robots Built . | . . . . . . . . . . . . Authchips . | . . . . . . . . . . . . Time . | . . . . . . . . . . . . Total Robot Build Rating . | . . . . . . . . . . . . Part Schematics Acquired . | . . . . . . . . . . . . Parts Built . | . . . . . . . . . . . . Authchips . | . . . . . . . . . . . . Time . | . . . . . . . . . . . . Total Part Build Rating . | . . . . . . . . . . . . Parts Repaired 1 | . . . . . . 1 . . . . . Time 13 | . . . . . . 13 . . . . . Parts Recycled . | . . . . . . . . . . . . Recycled Matter . | . . . . . . . . . . . . Retrieved Matter . | . . . . . . . . . . . . Retrieved Components . | . . . . . . . . . . . . Parts Scanalyzed . | . . . . . . . . . . . . Part Schematics Acquired . | . . . . . . . . . . . . Parts Damaged . | . . . . . . . . . . . . Bothacking | -11 -10 -10 -9 -9 -8 -7 -6 -6 -6 -5 -5 ------------ Run | Yrd Mat Min Mat Sto Mat Fac Fac Low Low Fac DSF Used RIF Installer . | . . . . . . . . . . . . Robots Hacked . | . . . . . . . . . . . . Non-combat . | . . . . . . . . . . . . Combat . | . . . . . . . . . . . . Robot Hacks Applied . | . . . . . . . . . . . . Relay Couplers Released . | . . . . . . . . . . . . Fabnet Peak Effective % . | . . . . . . . . . . . . Robots Rewired . | . . . . . . . . . . . . Allies Hacked . | . . . . . . . . . . . . Hacks Repelled . | . . . . . . . . . . . . Allies | -11 -10 -10 -9 -9 -8 -7 -6 -6 -6 -5 -5 -------- Run | Yrd Mat Min Mat Sto Mat Fac Fac Low Low Fac DSF Total Allies 1 | . . 1 . . . . . . . . . Largest Group 1 | . . 1 1 . . . . . . . . Highest-Rated Group 31 | . . 31 31 . . . . . . . . Highest-Rated Ally 31 | . . 31 31 . . . . . . . . Total Orders . | . . . . . . . . . . . . Ally Attacks 6 | . . . 6 . . . . . . . . Total Damage 85 | . . . 85 . . . . . . . . Kills 2 | . . . 2 . . . . . . . . Allies Corrupted . | . . . . . . . . . . . . Allies Melted . | . . . . . . . . . . . . Intel | -11 -10 -10 -9 -9 -8 -7 -6 -6 -6 -5 -5 ------- Run | Yrd Mat Min Mat Sto Mat Fac Fac Low Low Fac DSF Active Infowar (turns) 957 | . . . . . 170 . 232 186 96 13 260 Optics 170 | . . . . . 170 . . . . . . Seismic 175 | . . . . . . . 122 53 . . . Decoding 522 | . . . . . . . . 153 96 13 260 Machine Analysis 762 | . . . . . 75 . 232 186 96 13 160 Jamming 1 | . . . . . . . . 1 . . . Robot Analysis Total . | . . . . . . . . . . . . Derelict Logs Recovered 3 | . . . . . . . . 3 . . . Drone Launches . | . . . . . . . . . . . . Drone Recoveries . | . . . . . . . . . . . . Decoded 0b10 Intel 21 | . . . . . . . . . . 1 20 Items 21 | . . . . . . . . . . 1 20 Exploration | -11 -10 -10 -9 -9 -8 -7 -6 -6 -6 -5 -5 ------------- Run | Yrd Mat Min Mat Sto Mat Fac Fac Low Low Fac DSF Turns Passed 3883 | 125 399 165 187 849 1045 256 263 186 96 13 299 Spaces Moved 3512 | 101 272 136 208 294 728 561 416 412 173 46 165 Core 168 | 61 2 . . . 7 . 85 . . . 13 Treads 744 | 35 18 . . 264 357 . . . . . 70 Legs 5 | 5 . . . . . . . . . . . Wheels . | . . . . . . . . . . . . Hover 731 | . 252 136 208 30 80 . 25 . . . . Flight 1864 | . . . . . 284 561 306 412 173 46 82 Fastest Speed 27 | 50 116 116 48 48 31 31 27 27 27 27 34 Average Speed 73 | 111 120 116 48 150 102 31 37 31 27 27 109 Slowest Speed 500 | 250 250 116 48 240 500 34 150 114 27 27 300 Overloaded Moves 10 | . . . . . . . 10 . . . . Propulsion Burnouts . | . . . . . . . . . . . . Robots Hopped . | . . . . . . . . . . . . Potential Cave-ins . | . . . . . . . . . . . . Cave-ins Triggered 1 | . . . . . . . . . . . 1 Exploration Rate (%) 33 | 4 35 48 21 48 38 14 16 65 23 2 89 Regions Visited 11 Branch Regions 4 Pre-discovered Areas 3 | . . . . . . . . 3 . . . Known Exits Taken 6 | . 1 1 1 1 1 . . . . 1 . Unknown Exits Taken 5 | 1 . . . . . 1 1 1 1 . . Scrap Searched 3 | . . . . . . . . 3 . . . Spaces Dug . | . . . . . . . . . . . . Terrain Destroyed 79 | . . . . . . . 29 . . . 50 Melee . | . . . . . . . . . . . . Projectile . | . . . . . . . . . . . . AOE 79 | . . . . . . . 29 . . . 50 Terrain Rammed . | . . . . . . . . . . . . Walls Destroyed . | . . . . . . . . . . . . Machines Disabled . | . . . . . . . . . . . . Actions | -11 -10 -10 -9 -9 -8 -7 -6 -6 -6 -5 -5 --------- Run | Yrd Mat Min Mat Sto Mat Fac Fac Low Low Fac DSF Total 4336 | 112 311 143 257 556 888 622 470 465 221 45 246 Wait 330 | . . 3 21 149 13 15 5 45 49 . 30 Move 3501 | 100 271 135 207 293 727 560 415 411 172 45 165 Hop . | . . . . . . . . . . . . Pick Up 26 | . 9 2 2 2 10 1 . . . . . Fast Attach 77 | 8 4 . 1 13 24 6 6 3 . . 12 Attach 22 | . 1 . 4 2 3 2 5 3 . . 2 Detach 27 | 2 4 . 1 4 4 3 3 3 . . 3 Swap 12 | . 1 . . 6 4 1 . . . . . Drop 48 | 2 3 1 1 10 25 3 . . . . 3 Fire 195 | . 17 . 19 77 60 . 3 . . . 19 Melee 73 | . . . . . 18 13 31 . . . 11 Ram 4 | . 1 . 1 . . . 2 . . . . Kick . | . . . . . . . . . . . . Crush . | . . . . . . . . . . . . Escape Stasis 18 | . . . . . . 18 . . . . . Rewire 3 | . . 2 . . . . . . . . 1 Trap . | . . . . . . . . . . . . Miscellaneous . | . . . . . . . . . . . . Route ------- -11/Scrapyard -10/Materials (discovered 2 exits: *Min / *Sub) -10/Mines -9/Materials (discovered 2 exits: *Min / *Sto) -9/Storage -8/Materials -7/Factory (discovered 2 exits: *Fac / Gar) -6/Factory -6/Lower Caves -6/Lower Caves -5/Factory -5/DSF (discovered 1 exit: [*Fac]) History --------- Turn | Location | Event 14 | -11/Scrapyard | Discovered new exit (range 14) 126 | -11/Scrapyard | Entered Materials 310 | -10/Materials | Build established: Mutant 430 | -10/Materials | Discovered new exit (range 8) 440 | -10/Materials | Identified exit to Subcaves 460 | -10/Materials | Discovered new exit (range 8) 468 | -10/Materials | Identified exit to Mines 525 | -10/Materials | Entered Mines 607 | -10/Mines | Received a Mining Laser from a helpful Derelict 661 | -10/Mines | Discovered new exit (range 14) 686 | -10/Mines | Identified exit to Materials 690 | -10/Mines | Entered Materials 690 | -9/Materials | Accompanied by 1 ally 690 | -9/Materials | Evolved 2 slots: Propulsion x2 845 | -9/Materials | Discovered new exit (range 15) 864 | -9/Materials | Discovered new exit (range 11) 869 | -9/Materials | Identified exit to Mines 877 | -9/Materials | Identified exit to Storage 877 | -9/Materials | Entered Storage 897 | -9/Storage | Lost 3 parts (2n1w) 1400 | -9/Storage | Build established: Scavenger-Mutant 1585 | -9/Storage | Discovered new exit (range 12) 1607 | -9/Storage | Core integrity fell below 50% 1634 | -9/Storage | Lost 4 parts (1p2n1w) 1640 | -9/Storage | Identified exit to Materials 1726 | -9/Storage | Entered Materials 1726 | -8/Materials | Evolved 2 slots: Utility x2 2302 | -8/Materials | Discovered new exit (range 11) 2316 | -8/Materials | Identified exit to Factory 2511 | -8/Materials | Lost 3 parts (1n2u) 2648 | -8/Materials | Lost 3 parts (2n1u) 2771 | -8/Materials | Entered Factory 2771 | -7/Factory | Evolved 2 slots: Utility x2 2924 | -7/Factory | Identified exit to Garrison 2963 | -7/Factory | Repaired Flight Unit 3003 | -7/Factory | Discovered new exit (range 16) 3005 | -7/Factory | Build established: Scavenger-Sprinter 3027 | -7/Factory | Entered another Factory area 3027 | -6/Factory | Evolved 2 slots: Utility x2 3199 | -6/Factory | Spotted B-75 Beast 3216 | -6/Factory | Core integrity fell below 50% 3236 | -6/Factory | Core integrity fell below 20% 3250 | -6/Factory | Lost 13 parts (1p5n5u2w) 3288 | -6/Factory | Discovered new exit (range 6) 3290 | -6/Factory | Entered Lower Caves 3302 | -6/Lower Caves | Learned location of Zion (-6) 3407 | -6/Lower Caves | Learned location of Extension (-5) 3415 | -6/Lower Caves | Encountered a Warlord checkpoint 3455 | -6/Lower Caves | Discovered new exit (range 16) 3476 | -6/Lower Caves | Entered another Lower Caves area 3568 | -6/Lower Caves | Discovered new exit (range 15) 3572 | -6/Lower Caves | Entered Factory 3572 | -5/Factory | Evolved 2 slots: Propulsion x2 3585 | -5/Factory | Identified exit to DSF 3585 | -5/Factory | Entered DSF 3610 | -5/DSF | Additional patrols routed to DSF 3745 | -5/DSF | Crushed by falling debris 3746 | -5/DSF | Discovered new exit (range 14) 3778 | -5/DSF | Sterilization system engaged 3798 | -5/DSF | Ambient heat levels rising (+10) 3813 | -5/DSF | Ambient heat levels rising (+10) 3828 | -5/DSF | Ambient heat levels rising (+10) 3834 | -5/DSF | Lost 6 parts (1p3n1u1w) 3843 | -5/DSF | Ambient heat levels rising (+10) 3858 | -5/DSF | Ambient heat levels rising (+10) 3871 | -5/DSF | Core integrity fell below 50% 3873 | -5/DSF | Ambient heat levels rising (+10) 3877 | -5/DSF | Core integrity fell below 20% 3885 | -5/DSF | Core destroyed Last Messages --------------- 03861_ A-15 Conveyor heat damages core (-8). 03863_ A-15 Conveyor heat damages Med. Treads, Med. Treads, Imp. Ion Engine. 03864_ A-15 Conveyor heat damages Med. Treads. 03865_ A-15 Conveyor heat spikes uncontrollably. 03867_ A-15 Conveyor heat damages Med. Treads, Adv. Weight Redist. System. 03870_ Power failure, Antimatter Reactor shutdown. 03870_ System corrupted: Heat flow error (+262). 03871_ Overheating: Core damaged (-130). 03872_ Overheating: Core damaged (-120). 03873_ Imp. Medium Treads broken. 03873_ Overheating: Short circuit. 03873_ ALERT: Ambient heat levels +10. 03877_ Power failure, Antimatter Reactor shutdown. 03877_ Overheating: Core damaged (-150). 03880_ Overheating: Imp. Medium Treads damaged (-69). 03881_ Overheating: System interference. 03881_ Katana temporarily disabled. 03885_ Overheating: Core damaged (-120). Map ----- +----------------------------------------------------+ | | | | | | | | | | | | | | | | | | | | | | | | | | | | | | | ???????????????????????????????????????? | | ???????????????????????????????????????? | | ???????????????????????????????????????? | | ???????????????????????????????????????? | | ????????????????????????????""?????????? | | ???????????????????????????#"#?????????? | | ??????????#########???????##"####??????? | | ??????????# #########"""""#??????? | | ??????????# # #]]##"""""#??????? | | ??????????# ! !! <""##"????? | | ??????????# [=@ """""????? | | ??????????###[ #]]]# ## ""##?????? | | ??????????## # #]]]# ### ###??????? | | ??????????# ########?# #????????? | | ?????????## ##??????? #???????? | | ?????????## ##??????? #???????? | | ?????????## ##??????## ##???????? | | ????????## #???????] ]????????? | | ????????# ! ##??????]] ]????????? | | ????????## #???????]] ]#???????? | | ########## #???#????# ^##???????? | | ## #! ## # #***#????? ????????? | | ## # #***# #? ????????? | | ^ !!???????? | | ^ !!???????? | | !!???????? | | "" ## ##!!!# #? ????????? | | ## == # # ##?!!!#? #? ????????? | | ####### ## ##?####????????????????? | | !!#??## # ]]#????????????????????? | | !!#???####!! ]]#????????????????????? | | !!#??!!??#!! ]]#????????????????????? | | ###???!??### ###????????????????????? | | !!#??????#!! !!#????????????????????? | | !!#??????#!! %!!#????????????????????? | +----------------------------------------------------+ Best States ------------- Heat Dissipation 40 Energy Generation 21 Energy Capacity 325 Matter Stores 300 Matter Capacity 300 Sight Range 18 Terrain Scan Density 10 Armor Coverage 300 Evasion (%) 64 Targeting Accuracy 10 Melee Accuracy 31 Recoil Reduction 6 Item Schematics ----------------- None Robot Schematics ------------------ None Fabricated ------------ Nothing Repaired ---------- Flight Unit | 20% | -7/Factory Alien Tech Used ----------------- None Achievements -------------- None Challenges ------------ None Game ------ Seed CompanionTripodDetector Manual? 0 Play Time 00:47:58 Cumulative 19.5 hours Start 2025.08.24 @ 14:46:01 End 2025.08.25 @ 16:51:24 Sessions 6 Manual Loads 0 Difficulty Rogue Special Mode None Game No. 60 Rogue 60 Adventurer 0 Explorer 0 Win Type - Total 0 Types 0/0/0/0/0/0/0/0/0/0 Lore% 10 Gallery% 24 Achievement% 23 Wizard Run 0 Options --------- Layout 1 ASCII 0 Keyboard 1 Movement Vi Keybinds 0 Fullscreen 1 Font 16/SmallcapsGlow Map View 55x38 Zoom Use 1% Tactical HUD 1 Map Filters NONE Filters NONE Steam 1 RUN: 90e6d806-0655-4d3a-8055-628394f357a2